 Dungeon Crawl Stone Soup version 0.26-a0-808-g930a2b7adc (webtiles) character file.

Game seed: 12829793335564088454

894 ANON1729 the Slasher (level 8, 0/56 HPs)
             Began as an Octopode Chaos Knight on Nov 12, 2020.
             Was a Plaything of Xom.
             Slain by a quasit (1 damage)
             ... summoned by Xom
             ... on level 5 of the Dungeon.
             The game lasted 00:05:36 (4969 turns).

ANON1729 the Slasher (Octopode Chaos Knight)        Turns: 4969, Time: 00:05:36

Health: 0/56       AC:  1    Str:  6 (9)  XL:     8   Next: 6%
Magic:  8/8        EV: 17    Int: 16 (17) God:    Xom [......]
Gold:   166        SH:  0    Dex:  5 (11) Spells: 7/7 levels left

rFire    + . .     SeeInvis .   a - +0 falchion (chaos)
rCold    + . .     Faith    .   (no shield)
rNeg     . . .     Spirit   .   (helmet restricted)
rPois    +         Reflect  .   (no amulet)
rElec    +         Harm     .   f - +4 ring of evasion
rCorr    +         Rampage  .   g - ring of poison resistance
MR       +....                  (no ring)
Stlth    +++.......             (no ring)
HPRegen  0.00/turn              (no ring)
MPRegen  0.11/turn              (no ring)
                                (no ring)
                                (no ring)

@: resistant, lightly drained
A: almost no armour, stealthy swim, amphibious, 8 rings, constrict 8, camouflage
1, clever 1, deterioration 1, magic resistance 1, inhibited regeneration, weak
2, gelatinous body 1
a: Renounce Religion


You were on level 5 of the Dungeon.
You worshipped Xom.
You were a very special plaything of Xom.
You visited 1 branch of the dungeon, and saw 5 of its levels.

You collected 278 gold pieces.
You spent 112 gold pieces at shops.

Inventory:

Hand Weapons
 a - a +0 falchion of chaos (weapon)
Missiles
 b - 38 poisoned darts (quivered)
Jewellery
 f - a +4 ring of evasion (left tentacle)
 g - a ring of poison resistance (right tentacle)
 p - an uncursed ring of fire
Wands
 r - a wand of digging (3)
 z - a wand of iceblast (10)
 A - a wand of disintegration (14)
Scrolls
 c - a scroll of immolation {unknown}
 d - 3 scrolls of fear
 i - 9 scrolls of teleportation {unknown}
 k - 4 scrolls of enchant weapon {unknown}
 m - a scroll of amnesia {unknown}
 n - 11 scrolls of identify {unknown}
 q - a scroll of blinking {unknown}
 u - a scroll of random uselessness {unknown}
 v - 2 scrolls of remove curse {unknown}
 y - a scroll of magic mapping
Potions
 e - a potion of mutation {unknown}
 h - 2 potions of attraction {unknown}
 j - 2 potions of might
 l - a potion of degeneration
 o - 2 potions of curing {unknown}
 s - a potion of lignification {unknown}
 t - 2 potions of resistance
 w - a potion of invisibility {unknown}
 x - 2 potions of brilliance {unknown}


   Skills:
 + Level 5.5(5.1) Fighting
 + Level 5.5(5.1) Long Blades
 + Level 5.1(4.7) Dodging
 + Level 3.4(3.0) Stealth
 + Level 2.5(2.1) Evocations


You had 7 spell levels left.
You didn't know any spells.
Your spell library was empty.

Dungeon Overview and Level Annotations

Branches:
Dungeon (5/15)
 Temple: D:4-7

Altars:
Cheibriados
Fedhas
Ru
Sif Muna
Trog
Zin

Shops:
D:4 *}


Innate Abilities, Weirdness & Mutations

You cannot wear most types of armour.
You are very stealthy in the water. (Stealth+)
You are amphibious.
You can wear up to eight rings at the same time.
You can use your tentacles to constrict eight enemies at once.
Your skin changes colour to match your surroundings (Stealth+).
Your rubbery body absorbs attacks. (AC +1, EV +1)
Your mind is acute. (Int +2)
Your body sometimes deteriorates upon taking damage.
You are resistant to hostile enchantments. (MR+)
You do not regenerate when monsters are visible.
You are very weak. (Str -4)


Message History

The quasit closely misses you. The quasit claws you.
* * * LOW HITPOINT WARNING * * *
You release your grip on the quasit.
The soul eater draws from the surrounding life force!
* * * LOW HITPOINT WARNING * * *
Okay, then.
Unknown command.
It was a potion of resistance.
You feel protected.
Xom thinks this is hilarious!
The quasit closely misses you. The quasit misses you. The quasit claws you.
* * * LOW HITPOINT WARNING * * *
The quasit completely misses you. x2; The quasit misses you.
The quasit closely misses you. The quasit misses you. x2
It was a potion of degeneration.
There was something very wrong with that liquid.
You feel weakened.
You feel dopey.
You feel clumsy.
The quasit misses you. x2; The quasit claws you.
You die... "What!?
That's it?"

...(.....#.#.....#
.................#
..........#......#
..........#......# ......#
######'####......# ......#
...###....##.....# ......#
...........#.....# ......#
.......†...#.....# ......#
...........#....@# ......#
...........#...55#######......#
...........#.........3........#
########'###..................#
...........######............(#
...........#..).#.............#
...........#....#.............#
...........#....#.............#
...........#)...#.............#


You could see 2 quasits.

Vanquished Creatures
  Sigmund (D:4)
  Menkaure (D:5)
  A phantom (D:4)
  2 big kobolds (D:3)
  A jelly (D:5)
  3 orc priests
  Crazy Yiuf (D:4)
  Jessica (D:3)
  A bullfrog skeleton (D:4)
  7 adders
  A white imp (D:5)
  An ufetubus (D:5)
  3 oozes (D:4)
  2 adder skeletons
  5 dart slugs
  3 leopard geckos
  11 orcs
  8 giant cockroaches
  3 goblins
  12 hobgoblins
  4 jackals
  2 ball pythons
  10 bats
  5 frilled lizards
  7 kobolds
  5 rats
101 creatures vanquished.

Vanquished Creatures (collateral kills)
  A kobold (D:3)
1 creature vanquished.

Grand Total: 102 creatures vanquished

Notes
Turn   | Place    | Note
-------+----------+-------------------------------------------
     0 | D:1      | ANON1729 the Octopode Chaos Knight began the quest for the
                  | Orb.
     0 | D:1      | Reached XP level 1. HP: 16/16 MP: 1/1
   170 | D:1      | Reached XP level 2. HP: 20/21 MP: 2/2
   624 | D:1      | XOM: silly message
   729 | D:1      | Reached XP level 3. HP: 26/26 MP: 3/3
  1620 | D:2      | XOM is BORED!
  1620 | D:2      | XOM: blink monster(s)
  1864 | D:2      | Reached XP level 4. HP: 30/33 MP: 4/4
  2173 | D:3      | Found a blossoming altar of Fedhas.
  2274 | D:3      | Found a bloodstained altar of Trog.
  2402 | D:3      | Reached XP level 5. HP: 19/37 MP: 5/5
  2671 | D:3      | Noticed a big kobold
  2684 | D:3      | Noticed Jessica
  2690 | D:3      | Killed Jessica
  2726 | D:3      | Found a sacrificial altar of Ru.
  2755 | D:3      | Found a shimmering blue altar of Sif Muna.
  2802 | D:3      | Noticed a big kobold
  2806 | D:3      | Killed a big kobold
  2806 | D:3      | Reached XP level 6. HP: 34/44 MP: 6/6
  2842 | D:3      | HP: 2/45 [poisoned by a big kobold]
  2850 | D:3      | HP: 2/45 [poisoned by a big kobold]
  2858 | D:3      | HP: 1/45 [poisoned by a big kobold]
  2886 | D:3      | XOM: noise
  3132 | D:3      | XOM: silly message
  3518 | D:3      | XOM: smoke on damage
  3644 | D:4      | Noticed a phantom
  3817 | D:4      | Found Gage Vou's Gadget Emporium.
  3887 | D:4      | Found Gizxax's General Store.
  3894 | D:4      | Bought a scroll of noise for 14 gold pieces
  3894 | D:4      | Bought a scroll of magic mapping for 49 gold pieces
  3894 | D:4      | Bought a scroll of fear for 49 gold pieces
  3903 | D:4      | Noticed Sigmund
  3908 | D:4      | Killed Sigmund
  3908 | D:4      | Reached skill level 5 in Fighting
  3908 | D:4      | Reached skill level 5 in Long Blades
  3908 | D:4      | Reached skill level 1 in Evocations
  3908 | D:4      | Reached XP level 7. HP: 50/50 MP: 7/7
  3908 | D:4      | XOM: silly message
  3948 | D:4      | XOM: smoke on damage
  4062 | D:4      | XOM: noise
  4105 | D:4      | XOM: silly message
  4138 | D:4      | XOM: divination: detect items
  4251 | D:4      | Found a glowing silver altar of Zin.
  4376 | D:4      | XOM: cloud trail
  4439 | D:4      | XOM: give mutations
  4439 | D:4      | Gained mutation: You are weak. (Str -2) [Xom's mischief]
  4439 | D:4      | Gained mutation: Scrolls take you a little longer to read.
                  | [Xom's mischief]
  4439 | D:4      | Lost mutation: Scrolls take you a little longer to read.
                  | [Xom's mischief]
  4439 | D:4      | Gained mutation: You do not regenerate when monsters are
                  | visible. [Xom's mischief]
  4473 | D:4      | Found a runed translucent door.
  4474 | D:4      | Noticed Crazy Yiuf
  4487 | D:4      | XOM: give mutations
  4487 | D:4      | Gained mutation: You are resistant to hostile enchantments.
                  | (MR+) [Xom's mischief]
  4487 | D:4      | Gained mutation: Your body sometimes deteriorates upon
                  | taking damage. [Xom's mischief]
  4487 | D:4      | Gained mutation: Your mind is acute. (Int +2) [Xom's
                  | mischief]
  4487 | D:4      | Gained mutation: You are very weak. (Str -4) [Xom's
                  | mischief]
  4493 | D:4      | XOM: confusion
  4504 | D:4      | Killed Crazy Yiuf
  4577 | D:5      | Entered Level 5 of the Dungeon
  4637 | D:5      | XOM: polymorph orc wizard -> goblin
  4804 | D:5      | Found a snail-covered altar of Cheibriados.
  4815 | D:5      | Reached skill level 5 in Dodging
  4954 | D:5      | Noticed Menkaure
  4958 | D:5      | XOM: summons 4 hostile demons
  4959 | D:5      | Noticed a soul eater
  4959 | D:5      | Killed Menkaure
  4959 | D:5      | Reached XP level 8. HP: 56/56 MP: 8/8
  4966 | D:5      | HP: 2/56 [soul eater/drain life[Xom] (11)]
  4969 | D:5      | Slain by a quasit

Illustrated notes

Levels and vault maps discovered:
D:1:      kennysheep_arrival_seaside, layout_basic
D:2:      minmay_alternating_diamond, layout_basic, nrook_mini_backslash
D:3:      cheibrodos_thug_alley, layout_loops_ring, grunt_temple_overflow_open,
          old_standard_altar, bloody_trog, uniq_jessica
D:4:      layout_cave_pools, lemuel_round_altar, serial_shops, shop,
          nicolae_shop_statue_plus, grunt_ministairs_3, uniq_sigmund,
          uniq_crazy_yiuf_cottage
D:5:      layout_gridville, nicolae_overflow_crystal_walls,
          lemuel_crystal_altar, lemuel_round_altar,
          minmay_temple_entry_from_below_a, uniq_menkaure

Skill      XL: |  1  2  3  4  5  6  7 |
---------------+----------------------+-----
Dodging        | 3 4 5 |  5.1
Fighting       | 4 5 |  5.5
Long Blades    | 4 5 |  5.5
Stealth        | 2 3 |  3.4
Evocations     | 1 2 |  2.5

Action                   |  1- 3 |  4- 6 |  7- 9 || total
-------------------------+-------+-------+-------++-------
Melee: Falchion          |    59 |    91 |    51 ||   201
       Constrict         |    24 |    27 |    12 ||    63
       Tentacles         |     8 |    21 |    10 ||    39
Throw: Dart              |       |     9 |    14 ||    23
  Use: Potion            |       |     1 |     2 ||     3
 Stab: Petrifying        |     1 |       |       ||     1
       Sleeping          |     3 |     6 |     2 ||    11
       Paralysed         |     1 |       |     1 ||     2
Armor: Skin              |     4 |     4 |     3 ||    11
Dodge: Dodged            |    45 |    43 |    79 ||   167
       Rpst.: Falchion   |    24 |    12 |    18 ||    54

Table legend: (Time is in decaauts)
 A = Elapsed time spent in this place.
 B = Non-inter-level travel time spent in this place.
 C = Inter-level travel time spent in this place.
 D = Time resting spent in this place.
 E = Time spent auto-exploring this place.
 F = Levels seen in this place.
 G = Mean time per level.
                   A        B        C        D        E       F      G
               +--------+--------+--------+--------+--------+-----+--------+
         Total |   4984 |   4900 |     84 |    840 |   3409 |   5 |  996.8 |
       Dungeon |   4984 |   4900 |     84 |    840 |   3409 |   5 |  996.8 |
               +--------+--------+--------+--------+--------+-----+--------+

Top non-repeatable levels by time:
     D:3: 1525 daAuts
     D:1: 1126 daAuts
     D:2: 1017 daAuts
     D:4: 923 daAuts
     D:5: 392 daAuts
